 Dungeon Crawl Stone Soup version 0.23.2-40-g277498a (webtiles) character file.

Game seed: 10229575089171866546

170 Fang the Skirmisher (level 5, -3/51 HPs)
             Began as a Gargoyle Berserker on Sept 3, 2019.
             Was a Believer of Trog.
             Slain by an orc
             ... wielding a +0 mace
              (4 damage)
             ... on level 3 of the Dungeon.
             The game lasted 00:01:54 (1740 turns).

Fang the Skirmisher (Gargoyle Berserker)            Turns: 1740, Time: 00:01:55

Health: -3/51      AC:  6    Str: 27    XL:     5   Next: 51%
Magic:  5/5        EV: 12    Int:  7    God:    Trog [**....]
Gold:   111        SH:  0    Dex:  9    Spells: 4/4 levels left

rFire    . . .     SeeInvis .   a - +0 hand axe
rCold    . . .     Gourm    .   (no shield)
rNeg     + . .     Faith    .   b - +0 animal skin
rPois    ∞         Spirit   .   (no helmet)
rElec    +         Reflect  .   (no cloak)
rCorr    .         Harm     .   (no gloves)
MR       .....                  (no boots)
Stlth    ..........             (no amulet)
HPRegen  0.17/turn              (no ring)
MPRegen  0.09/turn              (no ring)

@: berserking, very quick
A: negative energy resistance 1, electricity resistance, unbreathing,
petrification resistance, rot immunity, AC +4
a: Berserk, Trog's Hand, Renounce Religion


You were on level 3 of the Dungeon.
You worshipped Trog.
Trog was pleased with you.
You were hungry.

You visited 1 branch of the dungeon, and saw 3 of its levels.

You collected 111 gold pieces.

Inventory:

Hand Weapons
 a - a +0 hand axe (weapon)
Armour
 b - a +0 animal skin (worn)
Scrolls
 d - 4 scrolls of identify {unknown}
 e - a scroll of magic mapping {unknown}
 i - 5 scrolls of teleportation {unknown}
 j - a scroll of amnesia {unknown}
Potions
 g - a potion of haste {unknown}
 h - 2 potions of heal wounds {unknown}
 k - a potion of curing {unknown}
Comestibles
 c - 4 rations
 f - 3 chunks of flesh


   Skills:
 + Level 4.3 Fighting
 + Level 3.5 Axes
 + Level 3.5 Armour
 + Level 2.6 Dodging


You had 4 spell levels left.
You didn't know any spells.
Your spell library was empty.

Dungeon Overview and Level Annotations

Branches:
Dungeon (3/15)

Altars:
Makhleb
Sif Muna


Innate Abilities, Weirdness & Mutations

You are resistant to torment.
Your stone body is resilient. (AC +4)
You are immune to poison.
You resist negative energy. (rN+)
You are resistant to electric shocks. (rElec)
You can survive without breathing.
You are immune to petrification.
You are immune to rotting.


Message History

Trog accepts your kill.
Trog appreciates your killing of a magic user.
You slash the bat!
You kill the bat!
Trog accepts your kill.
You barely miss the orc priest.
The orc priest invokes the aid of Beogh against you.
Beogh smites you!
* * * LOW HITPOINT WARNING * * *
Things that are here:
a +0 dagger; a +0 robe; an orc corpse You barely miss the orc priest.
You slash the orc priest!
The orc priest is almost dead.
You barely miss the orc.
The orc priest mumbles some strange prayers to Beogh against you.
Pain shoots through your body!
* * * LOW HITPOINT WARNING * * *
The orc hits you with a +0 mace.
You die...

...........##
...#####.#..## ...#
#.#...#
########.##..######.#
......†)÷.#........###
..........#...####...
..........###.####.#.(.
..........###.#oo....#
............)()@#
.............##).....#
.....#######. ...#..##
###.# ....<....# #.
.#.........#
..#..........# ..
............
..##...........


You could see an orc priest and an orc.

Vanquished Creatures
  A crimson imp (D:2)
  An orc wizard (D:3)
  Terence (D:3)
  2 adders
  2 oozes
  A worm (D:2)
  3 leopard geckos
  2 orcs (D:3)
  5 bats
  3 giant cockroaches
  5 goblins
  6 hobgoblins
  A quokka (D:2)
  A ball python (D:2)
  5 frilled lizards (D:2)
  7 kobolds
  8 rats
54 creatures vanquished.

Notes
Turn   | Place    | Note
-------+----------+-------------------------------------------
     0 | D:1      | Fang the Gargoyle Berserker began the quest for the Orb.
     0 | D:1      | Reached XP level 1. HP: 14/14 MP: 1/1
    71 | D:1      | Reached XP level 2. HP: 12/19 MP: 2/2
   514 | D:2      | Reached XP level 3. HP: 6/23 MP: 3/3
   914 | D:2      | Found a faded altar of an unknown god.
   998 | D:2      | Reached ** piety under Trog
  1172 | D:2      | Found a deep blue altar of Sif Muna.
  1213 | D:2      | Reached XP level 4. HP: 28/29 MP: 4/4
  1318 | D:2      | Found a burning altar of Makhleb.
  1358 | D:2      | Reached skill level 4 in Fighting
  1531 | D:3      | Noticed Terence
  1544 | D:3      | Killed Terence
  1544 | D:3      | Reached XP level 5. HP: 13/33 MP: 5/5
  1740 | D:3      | HP: 1/51 [orc priest/nerve-wracking pain (3)]
  1740 | D:3      | Slain by an orc

Skill      XL: |  1  2  3  4 |
---------------+-------------+-----
Axes           | 3 |  3.5
Dodging        | 2 |  2.6
Armour         | 3 |  3.5
Fighting       | 4 |  4.3

Action                   |  1- 3 |  4- 6 || total
-------------------------+-------+-------++-------
Melee: Hand axe          |   134 |    81 ||   215
Invok: Berserk           |       |     2 ||     2
 Stab: Sleeping          |     1 |       ||     1
  Eat: Chunk             |     1 |     3 ||     4
Armor: Animal skin       |    52 |    24 ||    76
Dodge: Dodged            |    97 |    40 ||   137
